 Dungeon Crawl Stone Soup version 0.28.0-53-g5a82cb258f (webtiles) character file.

Game seed: 6422607047540428883

264 Woods the Insei (level 6, 0/47 HPs)
             Began as a Gnoll Transmuter on June 7, 2022.
             Slain by a scorpion (2 damage)
             ... on level 4 of the Dungeon.
             The game lasted 00:05:36 (4694 turns).

Woods the Insei (Gnoll Transmuter)                  Turns: 4694, Time: 00:05:37

Health: 0/47       AC:  2    Str:  9    XL:     6   Next: 19%
Magic:  14/14      EV: 13    Int: 14    God:
Gold:   158        SH:  0    Dex: 13    Spells: 9/15 levels left

rFire   . . .      SeeInvis .     - Unarmed
rCold   . . .      Faith    .   (no shield)
rNeg    . . .      Spirit   .   a - +0 robe
rPois   .          Reflect  .   (helmet currently unavailable)
rElec   .          Harm     .   (no cloak)
rCorr   .          Rampage  .   (no gloves)
Will    .....                   (boots currently unavailable)
Stlth   ++........              (no amulet)
HPRegen 0.15/turn               (no ring)
MPRegen 0.14/turn               (no ring)

@: lethally poisoned (0 -> -14), appendages
A: horns 2, talons 2, fangs 1, strong nose, distributed training
a: End Transformation


You were on level 4 of the Dungeon.
You had temporarily grown beastly horns and talons.
You visited 1 branch of the dungeon, and saw 4 of its levels.

You collected 158 gold pieces.

Inventory:

Armour
 a - a +0 robe (worn)
 k - a +0 helmet (melded)
Scrolls
 b - 3 scrolls of teleportation {unknown}
 d - a scroll of summoning {unknown}
 e - 3 scrolls of magic mapping {unknown}
 h - a scroll of enchant weapon {unknown}
 j - a scroll of amnesia {unknown}
 l - a scroll of identify {unknown}
 o - a scroll of blinking {unknown}
Potions
 c - 2 potions of curing {unknown}
 f - 2 potions of cancellation {unknown}
 g - a potion of ambrosia {unknown}
 i - a potion of lignification {unknown}
 m - a potion of magic {unknown}
 n - a potion of degeneration {unknown}


   Skills:
 + Level 3.2 Fighting
 + Level 1.8 Short Blades
 + Level 1.8 Long Blades
 + Level 1.8 Axes
 + Level 1.8 Maces & Flails
 + Level 1.8 Polearms
 + Level 1.8 Staves
 + Level 1.8 Slings
 + Level 1.8 Bows
 + Level 1.8 Crossbows
 + Level 1.8 Throwing
 + Level 1.8 Armour
 + Level 4.9 Dodging
 + Level 1.8 Stealth
 + Level 1.8 Shields
 + Level 6.8 Unarmed Combat
 + Level 5.3 Spellcasting
 + Level 1.4 Conjurations
 + Level 1.4 Hexes
 + Level 1.4 Summonings
 + Level 1.4 Necromancy
 + Level 1.4 Translocations
 + Level 4.1 Transmutations
 + Level 1.4 Fire Magic
 + Level 1.4 Ice Magic
 + Level 1.4 Air Magic
 + Level 1.4 Earth Magic
 + Level 1.4 Poison Magic
 + Level 2.0 Invocations
 + Level 1.8 Evocations


You had 9 spell levels left.
You knew the following spells:

 Your Spells              Type           Power      Damage    Failure   Level
a - Beastly Appendage     Tmut           30%        N/A       3%          1
b - Wereblood             Tmut           15%        N/A       4%          2
c - Spider Form           Tmut/Pois      11%        N/A       16%         3

Your spell library contained the following spells:

 Spells                   Type           Power      Damage    Failure   Level
 Ice Form                 Ice/Tmut       11%        N/A       47%         4


Dungeon Overview and Level Annotations

Branches:
Dungeon (4/15)
 Temple: D:4-7

Altars:

Shops:
D:3 =


Innate Abilities, Weirdness & Mutations

You have temporarily grown beastly horns and talons.
You have very sharp teeth.
Your uncanny sense of smell can sniff out nearby items.
Your experience applies equally to all skills.


Message History

You feel very sick. The scorpion stings you!
You hit the scorpion.
You bite the scorpion, but do no damage.
The scorpion is severely wounded.
You feel sick. The scorpion misses you.
You hit the scorpion but do no damage. Your kick misses the scorpion.
You bite the scorpion, but do no damage.
The scorpion is severely wounded.
You feel sick. The scorpion closely misses you.
You hit the scorpion but do no damage. Your kick misses the scorpion.
The scorpion is severely wounded.
You feel sick. The scorpion misses you.
You barely miss the scorpion. Your kick misses the scorpion.
You punch the scorpion. Your bite misses the scorpion.
The scorpion is almost dead.
You feel sick. The scorpion stings you!
You hit the scorpion but do no damage.
The scorpion is almost dead.
You feel sick. The scorpion closely misses you.
You closely miss the scorpion.
You headbutt the scorpion, but do no damage.
Your bite misses the scorpion.
The scorpion is almost dead.
You feel sick. The scorpion stings you!
* * * LOW HITPOINT WARNING * * *
You closely miss the scorpion. Your kick misses the scorpion.
Your punch misses the scorpion.
The scorpion is almost dead.
You feel sick. The scorpion stings you.
* * * LOW HITPOINT WARNING * * *
You are lethally poisoned!
The scorpion poisons you!
You hit the scorpion. Your kick misses the scorpion.
You headbutt the scorpion, but do no damage.
The scorpion is almost dead.
* * * LOW HITPOINT WARNING * * *
You feel very sick. The scorpion stings you.
You die...

#.#.....#
.....
...sh...h
#... #.
#........
#.....
#.≈......
#....#
#.≈......
#....#
#.≈.#####
#.##+##.#..#
#.≈ #
#!.....s#..#
#. # #@...#
# #...##
#.###<..#
#.......#
##.###..###
# # #....# #
#.##.# # #.#
.# #
#........#
...#####


You could see a scorpion.

Vanquished Creatures
  A howler monkey (D:3)
  A centaur skeleton (D:3)
  Jessica (D:3)
  An iguana (D:4)
  3 gnolls (D:2)
  3 adders (D:2)
  A white imp (D:4)
  A worm (D:2)
  2 dart slugs (D:1)
  5 orcs (D:3)
  7 ball pythons
  8 endoplasms
  A giant cockroach (D:1)
  3 goblins
  10 hobgoblins
  2 jackals (D:1)
  2 quokkas
  6 bats
  3 frilled lizards
  4 kobolds
  9 rats
74 creatures vanquished.

Notes
Turn   | Place    | Note
-------+----------+-------------------------------------------
     0 | D:1      | Woods the Gnoll Transmuter began the quest for the Orb.
     0 | D:1      | Reached XP level 1. HP: 17/17 MP: 6/6
   256 | D:1      | Reached XP level 2. HP: 23/23 MP: 5/7
   267 | D:1      | Learned a level 2 spell: Wereblood
   934 | D:1      | Found a faded altar of an unknown god.
   949 | D:1      | Reached XP level 3. HP: 24/28 MP: 9/9
  1085 | D:1      | Reached skill level 5 in Spellcasting
  1756 | D:2      | Reached skill level 1 in Invocations
  1899 | D:2      | Reached skill level 1 in Short Blades
  1899 | D:2      | Reached skill level 1 in Long Blades
  1899 | D:2      | Reached skill level 1 in Axes
  1899 | D:2      | Reached skill level 1 in Maces & Flails
  1899 | D:2      | Reached skill level 1 in Polearms
  1899 | D:2      | Reached skill level 1 in Staves
  1899 | D:2      | Reached skill level 1 in Slings
  1899 | D:2      | Reached skill level 1 in Bows
  1899 | D:2      | Reached skill level 1 in Crossbows
  1899 | D:2      | Reached skill level 1 in Throwing
  1899 | D:2      | Reached skill level 1 in Armour
  1899 | D:2      | Reached skill level 1 in Stealth
  1899 | D:2      | Reached skill level 1 in Shields
  1899 | D:2      | Reached skill level 1 in Evocations
  2169 | D:2      | Reached XP level 4. HP: 28/34 MP: 9/11
  2182 | D:2      | Learned a level 3 spell: Spider Form
  2719 | D:2      | Reached skill level 1 in Conjurations
  2719 | D:2      | Reached skill level 1 in Hexes
  2719 | D:2      | Reached skill level 1 in Summonings
  2719 | D:2      | Reached skill level 1 in Necromancy
  2719 | D:2      | Reached skill level 1 in Translocations
  2719 | D:2      | Reached skill level 1 in Fire Magic
  2719 | D:2      | Reached skill level 1 in Ice Magic
  2719 | D:2      | Reached skill level 1 in Air Magic
  2719 | D:2      | Reached skill level 1 in Earth Magic
  2719 | D:2      | Reached skill level 1 in Poison Magic
  3409 | D:3      | Reached XP level 5. HP: 37/40 MP: 10/12
  3489 | D:3      | Found Moisius Meih's Jewellery Shoppe.
  3497 | D:3      | Noticed Jessica
  3685 | D:3      | Killed Jessica
  4274 | D:3      | Reached XP level 6. HP: 39/47 MP: 13/13
  4694 | D:4      | HP: 2/47 [poisoned by a scorpion]
  4694 | D:4      | Slain by a scorpion

Illustrated notes

Levels and vault maps discovered:
D:1:      minmay_arrival_doors, layout_basic, shapermc_ecumenical_altar_pompeii
D:2:      minmay_diamond_boxcup, layout_basic, minmay_statues_item
D:3:      layout_rooms, serial_shops, nicolae_shop_hallway_stairs, uniq_jessica
D:4:      layout_loops_ring, kennysheep_mini, mainiacjoe_overflow_boulevard,
          minmay_misc_feat_room

Skill      XL: |  1  2  3  4  5 |
---------------+----------------+-----
Spellcasting   | 5 |  5.3
Invocations    | 1 2 |  2.0
Short Blades   | 1 |  1.8
Long Blades    | 1 |  1.8
Axes           | 1 |  1.8
Maces & Flails | 1 |  1.8
Polearms       | 1 |  1.8
Staves         | 1 |  1.8
Slings         | 1 |  1.8
Bows           | 1 |  1.8
Crossbows      | 1 |  1.8
Throwing       | 1 |  1.8
Armour         | 1 |  1.8
Stealth        | 1 |  1.8
Shields        | 1 |  1.8
Evocations     | 1 |  1.8
Conjurations   | 1 |  1.4
Hexes          | 1 |  1.4
Summonings     | 1 |  1.4
Necromancy     | 1 |  1.4
Translocations | 1 |  1.4
Fire Magic     | 1 |  1.4
Ice Magic      | 1 |  1.4
Air Magic      | 1 |  1.4
Earth Magic    | 1 |  1.4
Poison Magic   | 1 |  1.4
Fighting       | 3 |  3.2
Transmutations | 4 |  4.1
Dodging        | |  4.9
Unarmed Combat | |  6.8

Action                   |  1- 3 |  4- 6 || total
-------------------------+-------+-------++-------
Melee: Unarmed           |   111 |   117 ||   228
       Kick              |    15 |    20 ||    35
       Headbutt          |    10 |     9 ||    19
       Bite              |     5 |    10 ||    15
       Punch             |     1 |     1 ||     2
 Cast: Beastly Appendage |    24 |    17 ||    41
       Spider Form       |       |     4 ||     4
 Stab: Sleeping          |     1 |     4 ||     5
Armor: Robe              |     9 |     9 ||    18
       Skin              |       |     1 ||     1
Dodge: Dodged            |    63 |    63 ||   126
